Map: Invader LE

Players

pawv

  • Race: Protoss Protoss
  • League: Gold

capac - Winner!

  • Race: Terran Terran
  • League: Gold

VOD

Have the link to the VOD?

Description

Time

  • Played on: April 27, 2016, 4:14 p.m.
  • Length: 11:55
Show
View Real Time Build Order
Export as new Build Order

pawv Protoss 

Build Orders: 1 Gate Expand 

Get SALT Encoding   

  12  0:01  Probe (Chrono Boost)  
  13  0:11  Probe (Chrono Boost)  
  14  0:20  Pylon  
  14  0:22  Probe (Chrono Boost)  
  15  0:38  Probe (Chrono Boost)  
  15  0:40  Gateway  
  16  0:49  Probe (Chrono Boost)  
  17  0:52  Assimilator  
  17  0:59  Probe (Chrono Boost)  
  18  1:11  Probe (Chrono Boost)  
  19  1:30  Nexus  
  19  1:39  Cybernetics Core  
  19  1:45  Probe (Chrono Boost)  
  20  1:49  Assimilator  
  19  2:00  Pylon  
  19  2:02  Probe (Chrono Boost)  
  20  2:12  Probe (Chrono Boost), Gateway  
  21  2:18  Warp Gate (Chrono Boost)  
  21  2:19  Adept  
  23  2:23  Probe (Chrono Boost)  
  24  2:34  Mothership Core (Chrono Boost)  
  26  2:42  Probe  
  27  2:53  Probe  
  27  2:54  Probe, Adept  
  31  3:03  Pylon  
  31  3:07  Gateway  
  31  3:12  Probe  
  31  3:13  Probe  
  31  3:17  Adept  
  35  3:21  Sentry  
  37  3:31  Twilight Council  
  37  3:32  Probe  
  37  3:33  Probe  
  39  3:43  Probe  
  39  3:44  Adept  
  39  3:46  Probe (Chrono Boost)  
  43  4:03  Pylon  
  43  4:05  Robotics Facility  
  43  4:14  Resonating Glaives (Chrono Boost)  
  43  4:20  Probe x2 (Chrono Boost)  
  43  4:21  Pylon  
  43  4:23  Adept x2  
  43  4:24  Adept  
  53  4:31  Probe x2 (Chrono Boost)  
  53  4:41  Forge  
  53  4:43  Gateway  
  53  4:48  Sentry  
  53  4:49  Adept  
  53  4:52  Stalker  
  59  4:56  Observer  
  60  5:14  Protoss Ground Armor Level 1  
  60  5:19  Adept x2  
  64  5:28  Photon Cannon  
  64  5:33  Observer  
  65  5:43  Probe  
  65  5:44  Probe  
  65  5:47  Assimilator  
  65  5:49  Assimilator  
  67  5:53  Probe  
  67  5:56  Probe  
  69  6:06  Probe  
  70  6:14  Pylon  
  70  6:21  Pylon  
  70  6:24  Pylon  
  70  6:30  Probe  
  70  6:32  Probe  
  76  6:35  Warp Prism  
  74  6:43  Gateway  
  74  6:44  Probe  
  75  6:47  Gateway  
  75  6:50  Probe  
  75  6:51  Pylon  
  75  6:53  Pylon  
  76  6:54  Adept  
  76  6:55  Adept  
  76  6:56  Probe, Stalker x2  
  76  7:00  Templar Archives  
  85  7:01  Probe  
  86  7:18  Protoss Ground Weapons Level 1 (Chrono Boost)  
  86  7:24  Adept  
  86  7:25  Adept x3  
  94  7:44  Nexus  
  94  7:45  Pylon  
  94  7:48  Pylon  
  94  7:50  Observer  
  95  7:53  Adept x2  
  95  7:54  Adept x4  
  95  7:57  Psionic Storm  
  107  8:20  Gateway  
  107  8:23  Stalker x4  
  107  8:24  Stalker x2  
  119  8:58  Adept  
  119  8:59  Adept x3  
  119  9:00  Protoss Ground Armor Level 2 (Chrono Boost)  
  125  9:30  Stalker x5  
  135  9:38  Robotics Bay  
  135  9:39  Probe  
  135  9:40  Probe  
  129  9:50  Probe  
  130  9:53  Probe  
  131  10:03  High Templar  
  131  10:04  High Templar x3  
  139  10:11  Probe  
  139  10:13  Probe  
  125  11:07  Stalker  
  125  11:08  Stalker x2  
  125  11:09  Adept x3  
  125  11:10  Adept  
  56  11:34  Adept  
  56  11:35  Adept x4  
Show
View Real Time Build Order
Export as new Build Order

capac Terran - Winner!

Build Orders: MMM Bio 

Get SALT Encoding   

  12  0:00  SCV  
  13  0:13  SCV  
  14  0:18  Supply Depot  
  14  0:25  SCV  
  15  0:40  SCV  
  15  0:41  Barracks  
  16  0:45  Refinery  
  16  0:52  SCV  
  17  1:04  SCV  
  18  1:16  SCV  
  19  1:28  SCV  
  19  1:29  Marine  
  21  1:40  Command Center  
  21  1:50  Supply Depot  
  21  1:54  Orbital Command  
  21  2:06  Factory  
  21  2:16  Barracks  
  21  2:20  SCV  
  21  2:21  Barracks Reactor  
  22  2:29  Refinery  
  22  2:33  SCV  
  23  2:45  SCV  
  23  2:50  Factory Tech Lab  
  24  2:57  SCV  
  25  3:01  Orbital Command  
  25  3:03  Marine x2  
  27  3:06  Barracks Tech Lab  
  27  3:09  SCV  
  27  3:10  Siege Tank  
  31  3:24  Starport  
  31  3:26  SCV  
  32  3:30  SCV  
  33  3:38  Marine x3, SCV  
  37  3:42  SCV  
  37  3:43  Stimpack  
  38  3:50  SCV  
  38  3:54  SCV  
  40  3:56  Marine  
  40  3:57  Marine x2  
  40  4:00  Medivac  
  40  4:02  SCV  
  46  4:09  Supply Depot  
  46  4:27  Barracks  
  46  4:31  SCV x2  
  48  4:36  Engineering Bay x2  
  48  4:37  Starport Reactor, Siege Tank  
  51  4:39  Marine x3  
  54  4:49  Supply Depot  
  54  5:06  Missile Turret  
  54  5:10  Terran Infantry Weapons Level 1, SCV x2  
  54  5:12  Terran Infantry Armor Level 1  
  56  5:15  Refinery  
  56  5:16  Refinery, Marine  
  56  5:17  Marine  
  56  5:19  Barracks Reactor  
  58  5:22  SCV x2  
  58  5:23  Barracks  
  58  5:24  Marine  
  61  5:31  Supply Depot  
  61  5:34  Marine  
  62  5:38  Sensor Tower  
  62  5:48  Combat Shields  
  62  5:53  Marine x2, SCV x2  
  66  6:05  Supply Depot, SCV x2  
  66  6:09  Marine x2  
  70  6:13  Barracks Reactor  
  70  6:16  Starport  
  70  6:22  Supply Depot  
  70  6:27  Armory, SCV x2, Medivac  
  74  6:36  Siege Tank  
  74  6:39  SCV  
  78  6:43  SCV  
  78  6:44  Supply Depot  
  78  6:46  Marine  
  78  6:47  Marine x2  
  79  6:48  Marine  
  79  6:49  Marauder  
  79  6:53  Supply Depot  
  85  6:54  Starport Reactor  
  85  7:10  Command Center  
  85  7:15  Marine x4  
  86  7:16  Marauder, Marine x2  
  86  7:19  Missile Turret  
  86  7:22  Supply Depot  
  93  7:28  Siege Tank  
  96  7:30  Terran Infantry Weapons Level 2  
  96  7:31  Terran Infantry Armor Level 2  
  96  7:40  Medivac  
  98  7:46  Medivac  
  100  8:01  Marine x3  
  100  8:02  Marine x2  
  100  8:04  Marauder  
  107  8:07  Supply Depot  
  107  8:11  Supply Depot  
  107  8:13  Supply Depot  
  107  8:14  Supply Depot  
  107  8:18  Missile Turret  
  107  8:22  Marine x3  
  107  8:23  Marine x2  
  107  8:25  Medivac  
  114  8:35  Missile Turret  
  114  8:42  Marine x6  
  114  8:43  Siege Tank  
  123  8:53  SCV  
  123  8:54  SCV  
  125  8:59  Missile Turret  
  125  9:06  SCV x2  
  127  9:11  Sensor Tower  
  127  9:17  Marine x5  
  127  9:18  Marine x2  
  130  9:31  SCV  
  130  9:32  SCV  
  130  9:33  Orbital Command  
  130  9:36  Marauder  
  124  9:44  SCV  
  122  9:52  Missile Turret  
  122  9:54  Medivac x3  
  128  10:13  Marine x3  
  128  10:14  Marine x3  
  132  10:15  Marauder  
  132  10:20  SCV  
  132  10:21  SCV x2  
  139  10:26  Siege Tank  
  142  10:30  Supply Depot  
  120  11:27  Marine x6  
Tags
 
Composition
MMM Bio
League
GoldGold
Matchup
PvT
Add a new tag
Caveats
  • Supply blocks, unpowered buildings, or Contaminate may cause inaccurate times.
  • Supply counts are checked every 10 seconds.